 Dungeon Crawl Stone Soup version 0.29-a0-453-gf113fcf677 (webtiles) character file.

Game seed: 18400176590178531158

31 Kenran the Poker (level 3, -4/43 HPs)
             Began as a Vampire Berserker on May 20, 2022.
             Was a Follower of Trog.
             Slain by a scorpion (6 damage)
             ... on level 4 of the Dungeon.
             The game lasted 00:04:17 (1806 turns).

Kenran the Poker (Vampire Berserker)                Turns: 1806, Time: 00:04:18

Health: -4/43      AC:  3    Str: 18    XL:     3   Next: 7%
Magic:  12/12      EV: 12    Int:  9    God:    Trog [*.....]
Gold:   115        SH:  0    Dex: 13    Spells: 2/2 levels left

rFire   . . .      SeeInvis +   a - +0 spear
rCold   . . .      Faith    .   (no shield)
rNeg    . . .      Spirit   .   b - +0 animal skin
rPois   .          Reflect  .   i - +0 helmet
rElec   .          Harm     .   (no cloak)
rCorr   .          Rampage  .   (no gloves)
Will    .....                   (no boots)
Stlth   ..........              (no amulet)
HPRegen 0.34/turn               p - ring of magical power
MPRegen 0.13/turn               (no ring)

@: berserking, lethally poisoned (-4 -> -8), healing quickly, very quick
A: alive, fangs 3, see invisible, vampiric 2
a: Exsanguinate, Renounce Religion, Berserk


You were on level 4 of the Dungeon.
You worshipped Trog.
Trog was aware of your devotion.
You visited 1 branch of the dungeon, and saw 5 of its levels.

You collected 115 gold pieces.

Inventory:

Hand Weapons
 a - a +0 spear (weapon)
Armour
 b - a +0 animal skin (worn)
 i - a +0 helmet (worn)
Jewellery
 p - a ring of magical power (left hand)
Wands
 q - a wand of charming (8)
Scrolls
 d - a scroll of poison {unknown}
 e - 3 scrolls of teleportation {unknown}
 j - a scroll of fog {unknown}
 l - 3 scrolls of identify {unknown}
 m - a scroll of immolation {unknown}
 o - 2 scrolls of noise {unknown}
Potions
 c - 2 potions of attraction {unknown}
 f - 3 potions of flight {unknown}
 g - a potion of berserk rage {unknown}
 h - 2 potions of curing {unknown}
 k - a potion of heal wounds {unknown}
 n - 2 potions of mutation {unknown}


   Skills:
 - Level 3.0 Fighting
 * Level 3.4 Polearms
 - Level 2.0 Armour
 - Level 2.1 Dodging


You had 2 spell levels left.
You didn't know any spells.
Your spell library was empty.

Dungeon Overview and Level Annotations

Branches:
Dungeon (5/15)
 Temple: D:4-7

Altars:

Annotations:
D:2 1 runed translucent door, Crazy Yiuf
D:5 exclusion: ogre


Innate Abilities, Weirdness & Mutations

Your natural rate of healing is accelerated.
You have razor-sharp teeth.
You have supernaturally acute eyesight. (SInv)
You are afflicted with vampirism and can become a bat while bloodless.


Message History

You now have 115 gold pieces (gained 11).
An ogre comes into view. It is wielding a +0 giant spiked club.
Found a chain mail.
An orc comes into view. It is wielding a +0 club.
An orc warrior comes into view. It is wielding a +0 mace.
Found an escape hatch in the ceiling.
The orc shouts!
The orc warrior shouts!
You start waiting.
An orc is nearby!
Found a gold wand.
A scorpion comes into view.
An orc priest comes into view. It is wielding a +0 dagger of venom.
The orc priest moves out of view.
You see here a wand of charming (8).
q - a wand of charming (8)
The scorpion stings you but does no damage.
The scorpion barely misses you. The scorpion attacks as you move away!
The scorpion stings you.
The orc priest mumbles some strange prayers to Beogh against you.
Beogh smites you! The scorpion stings you.
* * * LOW HITPOINT WARNING * * *
There is an escape hatch in the ceiling here.
Really go through this one-way escape hatch?
The scorpion stings you.
* * * LOW HITPOINT WARNING * * *
The orc priest barely misses you. A mysterious force pulls you upwards.
The hatch slams shut behind you.
Found an orange potion.
A red film seems to cover your vision as you go berserk!
You feel yourself moving faster!
You feel mighty! The scorpion barely misses you.
The orc priest hits you with a +0 dagger of venom.
* * * LOW HITPOINT WARNING * * *
You are lethally poisoned!
You puncture the orc priest!
The orc priest is heavily wounded.
* * * LOW HITPOINT WARNING * * *
You feel sick. The scorpion stings you.
You die...

. ... #
#..#####.!#
#...s@o..#
#..#.##.##
... #. # #
#. ##


You could see a scorpion and an orc priest.

Vanquished Creatures
  A dart slug (D:1)
  5 endoplasms
  A giant cockroach (D:1)
  2 hobgoblins
  3 jackals (D:2)
  3 kobolds (D:1)
  2 quokkas
  3 ball pythons
  2 bats
  A frilled lizard (D:3)
  3 rats
26 creatures vanquished.

Notes
Turn   | Place    | Note
-------+----------+-------------------------------------------
     0 | D:1      | Kenran the Vampire Berserker began the quest for the Orb.
     0 | D:1      | Reached XP level 1. HP: 17/17 MP: 1/1
   408 | D:1      | Reached XP level 2. HP: 23/23 MP: 2/2
   732 | D:1      | Found a faded altar of an unknown god.
  1033 | D:2      | Found a runed translucent door.
  1034 | D:2      | Noticed Crazy Yiuf
  1573 | D:3      | Gained mutation: You are afflicted with vampirism and can
                  | become a bat while bloodless. [Vampire growth]
  1573 | D:3      | Reached XP level 3. HP: 29/29 MP: 3/3
  1617 | D:3      | Noticed a phantom
  1666 | D:3      | You fall into a shaft and drop 2 floors!
  1666 | D:5      | Entered Level 5 of the Dungeon
  1728 | D:5      | Noticed an ogre
  1772 | D:5      | Noticed an orc warrior
  1791 | D:5      | Noticed a scorpion
  1806 | D:4      | HP: 2/43 [poisoned by an orc priest]
  1806 | D:4      | Slain by a scorpion

Illustrated notes

Levels and vault maps discovered:
D:1:      minmay_arrival_up_and_down, layout_loops_ring,
          chequers_ecumenical_altar_grove, chequers_arboretum,
          minmay_splitting_lines
D:2:      layout_loops_ring, uniq_crazy_yiuf_cottage
D:3:      layout_loops_ring, uniq_natasha
D:4:      kennysheep_six_static_rooms, layout_loops_cross, lemuel_crystal_altar,
          jmf_multi_god_temple, uniq_pikel
D:5:      layout_loops_ring, okawaru_ov_weapons_minmay

Skill      XL: |  1  2 |
---------------+-------+-----
Polearms       | 3 |  3.4
Fighting       | 3 |  3.0
Armour         | 2 |  2.0
Dodging        | |  2.1

Action                   || total
-------------------------++-------
Melee: Spear             ||   103
       Bite              ||     4
Invok: Berserk           ||     2
  Use: Scroll            ||     1
 Stab: Sleeping          ||     4
Armor: Animal skin       ||    19
Dodge: Dodged            ||    49

Table legend: (Time is in decaauts)
 A = Elapsed time spent in this place.
 B = Non-inter-level travel time spent in this place.
 C = Inter-level travel time spent in this place.
 D = Time resting spent in this place.
 E = Time spent auto-exploring this place.
 F = Levels seen in this place.
 G = Mean time per level.
                   A        B        C        D        E       F      G
               +--------+--------+--------+--------+--------+-----+--------+
         Total |   1805 |   1731 |     74 |    134 |   1179 |   5 |  361.0 |
       Dungeon |   1805 |   1731 |     74 |    134 |   1179 |   5 |  361.0 |
               +--------+--------+--------+--------+--------+-----+--------+

Top non-repeatable levels by time:
     D:1: 823 daAuts
     D:2: 707 daAuts
     D:5: 137 daAuts
     D:3: 134 daAuts
     D:4: 1 daAuts
